AoeStats
← SleepyDango

Lombardia

509953242Analyzed
3v3 RM · 4d ago on Sep 28, 2026· 87m 34s· 6 players
Game mode
Random Map
Map size
Normal (6 player)
Population
200
Speed
Normal
Resources
Standard
Victory
Conquest
Starting age
Dark Age
Ending age
Imperial Age
RankedLock teamsTeams togetherTeam positionsShared explorationLock speedFull tech treeHidden civsTurbo modeCheats
Victory
Defeat
🇬🇧 Byzantines · United Kingdom
1084
+15
🇬🇧 Hindustanis · United Kingdom
1070
+16
🇬🇧 Berbers · United Kingdom
1070
+16
🇨🇾 Spanish · Cyprus
1088
-17
🇨🇾 Burgundians · Cyprus
1058
-15
🇨🇾 Byzantines · Cyprus
1044
-15
Polis
6:12 Double-Bit Axe
9:13 Loom
11:42 Feudal Age
13:39 Bow Saw
18:51 Castle Age
17:05 Gold Mining
17:02 Horse Collar
19:08 Forging
19:03 Scale Barding Armor
21:12 Two-Man Saw
21:24 Wheelbarrow
20:35 Town Watch
20:35 Loom
24:21 Heavy Plow
23:50 Cavalier
24:40 Husbandry
29:42 Iron Casting
29:29 Chain Barding Armor
29:56 Hand Cart
31:08 Elite Skirmisher
33:24 Fletching
36:12 Imperial Age
33:44 Town Patrol
34:18 Treadmill Crane
36:17 Paladin
38:08 Blast Furnace
37:43 Plate Barding Armor
38:02 Ballistics
38:44 Chemistry
40:30 Caravan
41:26 Bodkin Arrow
41:32 Padded Archer Armor
41:33 Scale Mail Armor
45:36 Conscription
47:29 Masonry
47:14 Murder Holes
52:10 Fortified Wall
52:31 Architecture
53:17 Hoardings
54:01 Leather Archer Armor
54:09 Bombard Tower
59:09 Burgundian Vineyards
64:02 Chain Mail Armor
63:41 Light Cavalry
74:14 Sappers
82:52 Bracer
83:23 Plate Mail Armor
83:35 Herbal Medicine
Freaky GHOSTMAN cY
10:58 Feudal Age
9:24 Loom
11:55 Double-Bit Axe
11:52 Horse Collar
13:28 Wheelbarrow
18:19 Castle Age
20:38 Town Watch
21:17 Gold Mining
21:39 Bow Saw
21:35 Husbandry
22:02 Forging
23:49 Iron Casting
27:02 Fortified Wall
32:56 Imperial Age
31:39 Hand Cart
31:35 Scale Barding Armor
31:48 Fletching
33:12 Bodkin Arrow
33:20 Padded Archer Armor
33:18 Murder Holes
35:19 Blast Furnace
34:40 Chain Barding Armor
34:22 Bracer
34:36 Bloodlines
33:46 Cavalier
35:32 Stone Mining
37:10 Paladin
38:22 Leather Archer Armor
39:53 Elite Skirmisher
41:00 Caravan
41:52 Plate Barding Armor
41:48 Ring Archer Armor
41:41 Conscription
44:03 Two-Man Saw
43:42 Capped Ram
44:08 Pikeman
44:48 Squires
44:34 Gambesons
44:52 Scale Mail Armor
44:45 Siege Ram
45:29 Halberdier
47:58 Chain Mail Armor
49:10 Plate Mail Armor
57:25 Chemistry
56:45 Ballistics
56:38 Masonry
56:05 Elite Skirmisher
56:51 Thumb Ring
68:04 Architecture
67:55 Bombard Tower
GhostPants
2:13 Loom
10:38 Feudal Age
11:31 Double-Bit Axe
12:51 Horse Collar
18:42 Castle Age
20:18 Wheelbarrow
22:44 Bow Saw
22:45 Heavy Plow
24:04 Hand Cart
27:21 Pikeman
27:45 Elite Skirmisher
28:42 Fletching
29:16 Gold Mining
29:16 Stone Mining
30:39 Thumb Ring
33:22 Imperial Age
31:28 Ballistics
32:56 Stone Shaft Mining
32:56 Gold Shaft Mining
33:27 Bodkin Arrow
34:00 Caravan
34:19 Padded Archer Armor
35:39 Chemistry
35:18 Leather Archer Armor
35:07 Bracer
35:36 Treadmill Crane
35:52 Murder Holes
36:07 Fortified Wall
37:17 Two-Man Saw
36:52 Crop Rotation
36:53 Leather Archer Armor
36:47 Scale Barding Armor
37:10 Husbandry
38:37 Guilds
38:57 Coinage
39:05 Chain Barding Armor
38:56 Forging
38:36 Heavy Camel Rider
40:26 Banking
40:44 Plate Barding Armor
40:43 Conscription
43:11 Iron Casting
43:06 Ring Archer Armor
42:37 Scale Mail Armor
44:45 Squires
46:03 Chain Mail Armor
45:11 Halberdier
45:38 Arson
45:14 Man-at-Arms
45:40 Light Cavalry
47:32 Hussar
50:44 Heavy Cavalry Archer
50:44 Crossbowman
51:49 Bombard Tower
51:15 Arrowslits
51:20 Guard Tower
51:24 Cavalier
55:19 Capped Ram
56:43 Plate Mail Armor
57:54 Keep
61:14 Siege Ram
62:52 Paladin
72:18 Hoardings
71:47 Greek Fire
72:05 Gambesons
71:40 Long Swordsman
75:09 Logistica
King Cloon
5:12 Loom
11:57 Feudal Age
16:54 Castle Age
15:02 Horse Collar
15:16 Double-Bit Axe
17:06 Gold Mining
22:08 Scale Barding Armor
22:43 Stone Mining
23:31 Gold Shaft Mining
23:17 Town Watch
24:25 Heavy Plow
24:46 Bow Saw
25:30 Fletching
27:24 Chain Barding Armor
28:56 Wheelbarrow
28:21 Town Patrol
28:54 Forging
28:59 Grand Trunk Road
30:29 Iron Casting
33:18 Imperial Age
31:19 Hand Cart
31:36 Bloodlines
31:28 Husbandry
33:57 Stone Shaft Mining
33:32 Heavy Camel Rider
34:49 Plate Barding Armor
35:15 Blast Furnace
34:46 Conscription
36:44 Two-Man Saw
35:18 Imperial Camel Rider
37:03 Chemistry
37:00 Coinage
36:31 Caravan
38:19 Bodkin Arrow
39:12 Banking
39:39 Bracer
39:41 Padded Archer Armor
39:38 Murder Holes
40:04 Ballistics
42:00 Siege Engineers
46:03 Scale Mail Armor
47:30 Chain Mail Armor
50:42 Fortified Wall
50:43 Masonry
58:20 Shatagni
76:18 Leather Archer Armor
77:58 Ring Archer Armor
SleepyDango
7:39 Loom
11:26 Feudal Age
17:05 Castle Age
17:11 Wheelbarrow
18:19 Wheelbarrow
18:04 Double-Bit Axe
18:08 Horse Collar
21:53 Fletching
22:03 Padded Archer Armor
22:44 Padded Archer Armor
23:51 Husbandry
26:15 Bodkin Arrow
26:35 Leather Archer Armor
27:45 Ballistics
28:06 Thumb Ring
30:20 Forging
30:15 Scale Barding Armor
32:42 Iron Casting
32:27 Chain Barding Armor
36:41 Imperial Age
36:25 Caravan
37:07 Bow Saw
36:58 Heavy Plow
36:52 Gold Mining
36:52 Stone Mining
37:55 Logistica
38:06 Conscription
37:10 Heavy Camel Rider
38:40 Plate Barding Armor
38:34 Bracer
39:04 Ring Archer Armor
40:32 Scale Mail Armor
41:02 Ring Archer Armor
39:56 Elite Genitour
42:55 Chemistry
42:06 Fortified Wall
42:16 Hand Cart
43:03 Two-Man Saw
44:39 Heavy Cavalry Archer
46:55 Chain Mail Armor
46:12 Pikeman
46:52 Squires
47:00 Halberdier
47:31 Light Cavalry
48:49 Elite Varangian Guard
50:33 Hussar
53:08 Cavalier
55:48 Plate Mail Armor
56:11 Onager
58:54 Greek Fire
59:18 Capped Ram
61:10 Arson
60:47 Man-at-Arms
63:51 Siege Ram
65:07 Gambesons
65:49 Long Swordsman
67:49 Two-Handed Swordsman
69:13 Champion
70:49 Paladin
72:17 Elite Skirmisher
76:22 Elite Cataphract
78:11 Bombard Tower
KoolarSmith
8:47 Loom
12:23 Feudal Age
17:46 Castle Age
17:30 Double-Bit Axe
17:27 Horse Collar
25:26 Wheelbarrow
25:27 Heavy Plow
26:00 Bow Saw
26:33 Fortified Wall
26:33 Gold Mining
27:03 Stone Mining
32:47 Imperial Age
31:28 Hand Cart
31:52 Gold Shaft Mining
33:20 Caravan
33:37 Maghrebi Camels
34:50 Chemistry
34:40 Thumb Ring
35:11 Heavy Camel Rider
35:52 Husbandry
36:41 Ballistics
36:54 Bloodlines
36:59 Scale Barding Armor
37:05 Forging
39:57 Chain Barding Armor
40:13 Iron Casting
40:18 Stone Shaft Mining
40:35 Conscription
41:15 Murder Holes
41:25 Siege Engineers
43:26 Plate Barding Armor
43:51 Blast Furnace
42:32 Elite Genitour
44:45 Fletching
44:55 Padded Archer Armor
47:33 Hoardings
47:13 Masonry
49:26 Elite Camel Archer
52:45 Scale Mail Armor
52:40 Bodkin Arrow
53:01 Leather Archer Armor
55:28 Bracer
55:58 Ring Archer Armor
58:00 Man-at-Arms
58:41 Squires
60:38 Long Swordsman
61:43 Two-Handed Swordsman
64:26 Champion
74:18 Crop Rotation
75:14 Pikeman
82:41 Heavy Scorpion
Connection lost

Rejoining the realm…

Still unreachable

The connection could not be restored.

Session expired

The server has moved on; the page needs a fresh start.